 Dungeon Crawl Stone Soup version 0.24.0-2-g5b39cebb1c (webtiles) character file.

Game seed: 4555853649249999209, levelgen mode: deterministic

16830 kkkmkkk the Fighter (level 12, -1/128 HPs)
             Began as an Ogre Fire Elementalist on Oct 30, 2019.
             Was a High Priest of Sif Muna.
             Killed from afar by a frost giant (54 damage)
             ... with a bolt of cold
             ... in an ice cave.
             The game lasted 00:40:19 (15033 turns).

kkkmkkk the Fighter (Ogre Fire Elementalist)       Turns: 15033, Time: 00:40:19

Health: -1/128     AC:  5    Str: 19    XL:     12   Next: 41%
Magic:  35/43      EV: 13    Int: 22    God:    Sif Muna [*****.]
Gold:   889        SH:  0    Dex: 11    Spells: 10/30 levels left

rFire    . . .     SeeInvis .   K - +5 mace "Perphafei" {elec, rN+ Int+2 Dex+2}
rCold    . . .     Gourm    .   (no shield)
rNeg     + . .     Faith    .   a - +1 robe
rPois    .         Spirit   .   I - +0 hat
rElec    .         Reflect  .   B - +0 cloak of Analysis {Str+4} (curse)
rCorr    .         Harm     .   (gloves unavailable)
MR       +....                  (boots unavailable)
Stlth    ++........             (no amulet)
HPRegen  0.31/turn              t - ring of magical power
MPRegen  0.28/turn              g - ring of magical power

@: very slightly contaminated, invisible
A: large, unfitting armour, tough skin 1
a: Channel Magic, Forget Spell, Divine Exegesis, Renounce Religion


You were in an ice cave.
You worshipped Sif Muna.
Sif Muna was extremely pleased with you.
You were not hungry.

You visited 2 branches of the dungeon, and saw 12 of its levels.
You also visited: Ossuary, Bailey and Ice Cave.

You collected 889 gold pieces.

Inventory:

Hand Weapons
 p - a +0 club
 s - a +0 dagger of venom
 w - a +1 flail of protection
 K - the +5 mace "Perphafei" (weapon) {elec, rN+ Int+2 Dex+2}
   (You found it on level 10 of the Dungeon)

   Occasionally, upon striking a foe, it will discharge some electrical energy
   and cause terrible harm.
   It affects your intelligence (+2).
   It affects your dexterity (+2).
   It protects you from negative energy.
Missiles
 y - 6 large rocks (quivered)
 H - 6 atropa-tipped darts
 S - 25 poisoned darts
Armour
 a - a +1 robe (worn)
 k - a scarf of resistance
 B - the cursed +0 cloak of Analysis (worn) {Str+4}
   (You found it on level 5 of the Dungeon)

   It affects your strength (+4).
   It has a curse placed upon it.
 I - a +0 hat (worn)
Jewellery
 g - a ring of magical power (right hand)
 m - an uncursed ring of protection from cold
 r - a -3 ring of protection
 t - a ring of magical power (left hand)
 u - an uncursed amulet of faith {unknown}
 v - a +3 ring of dexterity
 L - an uncursed ring of flight
 T - an uncursed ring of magical power
 V - an uncursed ring of wizardry {unknown}
Wands
 O - a wand of flame (20)
 P - a wand of enslavement (11)
 R - a wand of polymorph (6)
 U - a wand of acid (16)
Scrolls
 b - 3 scrolls of enchant weapon
 e - 6 scrolls of remove curse
 f - 2 scrolls of amnesia
 i - 3 scrolls of enchant armour
 l - 10 scrolls of teleportation
 n - a scroll of fear
 A - 2 scrolls of random uselessness
 F - a scroll of brand weapon
 G - 3 scrolls of acquirement
 J - a scroll of blinking
 Q - a scroll of immolation
 X - a scroll of identify
Potions
 d - a potion of heal wounds
 h - 8 potions of curing
 j - 3 potions of brilliance
 o - 2 potions of lignification
 q - 2 potions of ambrosia
 x - 2 potions of berserk rage
 z - 2 potions of haste
 C - a potion of invisibility
 D - 5 potions of mutation
 E - 5 potions of degeneration
 M - 2 potions of might
 N - 4 potions of magic
 W - a potion of flight {unknown}
Comestibles
 c - 12 rations
 Y - 4 chunks of flesh


   Skills:
 + Level 10.9 Fighting
 + Level 3.6 Maces & Flails
 + Level 8.1 Dodging
 - Level 1.4 Stealth
 + Level 9.7 Spellcasting
 + Level 7.9 Conjurations
 + Level 8.4 Fire Magic
 + Level 4.6 Invocations


You had 10 spell levels left.
You knew the following spells:

 Your Spells              Type           Power        Failure   Level  Hunger
a - Flame Tongue          Conj/Fire      #####        1%          1    None
b - Throw Flame           Conj/Fire      #####.       1%          2    None
c - Conjure Flame         Conj/Fire      #####...     1%          3    None
d - Inner Flame           Hex/Fire       ####....     3%          3    None
e - Sticky Flame          Conj/Fire      #####...     2%          4    ##.....
f - Blink                 Tloc           N/A          10%         2    None
g - Fireball              Conj/Fire      #####.....   6%          5    ####...

Your spell library contained the following spells:

 Spells                   Type           Power        Failure   Level  Hunger
 Magic Dart               Conj           ####         1%          1    None
 Searing Ray              Conj           #####.       1%          2    None
 Throw Frost              Conj/Ice       ####..       1%          2    None
 Iskenderun's Mystic Bla  Conj           #####...     2%          4    ##.....
 Dazzling Spray           Conj/Hex       ####..       3%          3    None
 Static Discharge         Conj/Air       ####....     3%          3    None
 Freeze                   Ice            ##..         6%          1    None
 Summon Butterflies       Summ           ##......     6%          1    None
 Mephitic Cloud           Conj/Pois/Air  ###.....     6%          3    None
 Call Imp                 Summ           ##......     10%         2    None
 Slow                     Hex            ##......     10%         2    None
 Force Lance              Conj/Tloc      ####....     12%         4    ##.....
 Fulminant Prism          Conj/Hex       ####......   12%         4    ##.....
 Throw Icicle             Conj/Ice       ####....     12%         4    ##.....
 Call Canine Familiar     Summ           ##......     19%         3    None
 Ozocubu's Armour         Chrm/Ice       ##......     19%         3    None
 Lightning Bolt           Conj/Air       ####......   34%         5    ####...
 Summon Ice Beast         Ice/Summ       ##......     52%         4    ##.....
 Summon Mana Viper        Hex/Summ       ##......     86%         5    ####...
 Summon Hydra             Summ           ##........   100%        7    #######
 Ignition                 Fire           #####.....   100%        8    #######
 Shatter                  Erth           ##........   100%        9    #######
 Tornado                  Air            ##........   100%        9    #######


Dungeon Overview and Level Annotations

Branches:
Dungeon (10/15)            Temple (0/1) D:6            Lair (2/6) D:9
Ossuary (visited)          Bailey (visited)           IceCv (1/1)
  Swamp: Lair:2-4    Shoals: Lair:2-4     Snake: Lair:2-4    Spider: Lair:2-4
    Orc: D:9-12

Altars:
Ashenzari
Elyvilon
Gozag
Hepliaklqana
Kikubaaqudgha
Nemelex Xobeh
Okawaru
Qazlal
Ru
Sif Muna
Uskayaw
Vehumet
Wu Jian
Xom
Yredelemnul

Shops:
D:4 *   D:5 [

Annotations:
D:3 Ijyb
D:4 3 runed translucent doors, Descartes's ghost, novice FoAK; H0rd4k's ghost, novice HuAr; Mrkan's ghost, amateur MiMo; Mrkan's ghost, amateur TrMo; TimelessDreamer's ghost, novice HuWn
D:8 3 runed translucent doors, jt's ghost, novice GrMo


Innate Abilities, Weirdness & Mutations

You are too large for most types of armour.
You have tough skin. (AC +1)


Message History

Aiming: Flame Tongue (safe; 1% risk of failure)
Press: ? - help, Shift-Dir - straight line, f/p - frost giant
Aim: a frost giant, wielding a +2 battleaxe of freezing (flame, heavily wounded, covered in liquid flames)
The flame tongue hits the frost giant but does no damage.
The frost giant is heavily wounded.
The frost giant burns!
The frost giant stops burning.
The frost giant is engulfed in blazing flames.
The frost giant points at you and mumbles some strange words.
The bolt of cold hits you!!!
* * * LOW HITPOINT WARNING * * *
You feel much better.
The frost giant is engulfed in blazing flames.
The frost giant casts a spell at you. The bolt of cold hits you.
* * * LOW HITPOINT WARNING * * *
You feel much better.
The frost giant is engulfed in blazing flames.
The frost giant points at you and mumbles some strange words.
The bolt of cold hits you!!!
You die...

##.##≈≈≈≈≈#
#.##≈≈≈≈≈≈###
#.## ≈#≈≈##☼##
#..# ##≈#..°○#
#..###.≈#.##☼☼#
#...#.###☼# ☼○#
#...#..##.# ..Y
##...###C## .C.
##.@###.# Y.
##C##.## .
#.÷##.#
##.##.##
##..##.##
#..####.## #.##
##.# #.#####.##
#.#.#.#.#


You could see a frost giant.

Vanquished Creatures
  Gastronok (D:8)
  A black mamba (Lair:1)
  Psyche (D:8)
  An ice statue (IceCv)
  A komodo dragon (Lair:2)
  10 polar bears (IceCv)
  Prince Ribbit (D:5)
  5 blink frogs (Lair:1)
  2 hippogriffs (Lair:1)
  30 yaks
  Eustachio (D:5)
  A wraith (D:10)
  A basilisk (D:8)
  Menkaure (D:5)
  A hungry ghost (D:7)
  2 water moccasins
  7 porcupines
  2 ice beasts
  An orc warrior (Bailey)
  A sky beast (D:8)
  A phantom (D:5)
  5 ogres
  16 wolves (IceCv)
  5 centaurs
  Blork the orc (D:6)
  2 big kobolds
  3 crocodiles
  4 bullfrogs
  3 scorpions
  3 electric eels (D:8)
  5 wights (D:6)
  2 howler monkeys
  A crimson imp (D:5)
  2 jellies
  A bullfrog skeleton (D:5)
  A bullfrog zombie (D:5)
  A centaur zombie (D:9)
  4 hounds
  Crazy Yiuf (D:7)
  A human zombie (Ossuary)
  An orc wizard (D:8)
  2 centaur skeletons
  4 iguanas
  2 worker ants
  2 big kobold zombies (Ossuary)
  A hound zombie (Ossuary)
  5 mummies
  A howler monkey zombie (D:6)
  A worker ant zombie (D:10)
  13 gnolls (Bailey)
  A howler monkey skeleton (D:9)
  11 adders
  2 shadow imps (D:5)
  3 oozes
  2 adder skeletons
  An adder zombie (Ossuary)
  4 worms
  3 dart slugs
  5 leopard geckos
  11 orcs
  5 bats
  3 giant cockroaches
  2 gnoll zombies (Ossuary)
  8 goblins
  16 hobgoblins
  9 jackals
  4 quokkas
  A ball python (D:3)
  A frilled lizard (D:2)
  2 hobgoblin zombies (Ossuary)
  3 jackal zombies
  26 kobolds
  A kobold zombie (Ossuary)
  A leopard gecko zombie (D:7)
  A quokka skeleton (D:5)
  5 rats
  A rat zombie (Ossuary)
  3 plants (D:8)
300 creatures vanquished.

Vanquished Creatures (others)
  2 yaks (IceCv)
  2 fungi (D:9)
  2 plants
6 creatures vanquished.

Grand Total: 306 creatures vanquished

Notes
Turn   | Place    | Note
-------+----------+-------------------------------------------
     0 | D:1      | kkkmkkk the Ogre Fire Elementalist began the quest for the
                  | Orb.
     0 | D:1      | Reached XP level 1. HP: 16/16 MP: 3/3
    18 | D:2      | Reached skill level 1 in Conjurations
    72 | D:2      | Found a shimmering altar of Xom.
   149 | D:2      | Reached XP level 2. HP: 21/24 MP: 1/5
   292 | D:2      | Found a shimmering blue altar of Sif Muna.
   292 | D:2      | Found a hide-covered altar of Uskayaw.
   294 | D:2      | Found a sacrificial altar of Ru.
   294 | D:2      | Found an opulent altar of Gozag.
   294 | D:2      | Found an ancient bone altar of Kikubaaqudgha.
   294 | D:2      | Found a hazy altar of Hepliaklqana.
   295 | D:2      | Found a sparkling altar of Nemelex Xobeh.
   307 | D:2      | Became a worshipper of Sif Muna the Loreminder
   342 | D:2      | Found an ornate altar of the Wu Jian Council.
   718 | D:2      | Reached XP level 3. HP: 24/31 MP: 7/7
   783 | D:2      | Learned a level 2 spell: Throw Flame
  1459 | D:1      | Learned a level 3 spell: Conjure Flame
  1939 | D:2      | Reached * piety under Sif Muna
  1954 | D:2      | Reached XP level 4. HP: 33/40 MP: 8/8
  1990 | D:2      | Reached skill level 1 in Fighting
  2442 | D:2      | Found a faded altar of an unknown god.
  2689 | D:3      | Found a shattered altar of Ashenzari.
  2690 | D:3      | Noticed Ijyb
  2697 | D:3      | Learned a level 3 spell: Inner Flame
  2706 | D:4      | Found Kujigyox's Assorted Antiques.
  2739 | D:4      | Found a runed translucent gate.
  2741 | D:4      | Noticed H0rd4k's ghost (novice HuAr)
  2742 | D:4      | Found a runed translucent gate.
  2742 | D:4      | Found a runed translucent gate.
  2742 | D:4      | Noticed Descartes's ghost (novice FoAK)
  2742 | D:4      | Noticed TimelessDreamer's ghost (novice HuWn)
  2742 | D:4      | Noticed Mrkan's ghost (amateur TrMo)
  2742 | D:4      | Noticed Mrkan's ghost (amateur MiMo)
  2848 | D:4      | Reached skill level 2 in Fighting
  2848 | D:4      | Reached XP level 5. HP: 49/49 MP: 10/10
  3421 | D:4      | Noticed an ogre
  3430 | D:4      | Killed an ogre
  3430 | D:4      | Reached XP level 6. HP: 59/59 MP: 10/11
  3678 | D:4      | Reached skill level 3 in Fighting
  3714 | D:4      | Learned a level 4 spell: Sticky Flame
  3789 | D:5      | Entered Level 5 of the Dungeon
  3789 | D:5      | Noticed Prince Ribbit
  3961 | D:5      | Reached XP level 7. HP: 46/67 MP: 13/13
  3965 | D:5      | Found a basalt altar of Yredelemnul.
  3969 | D:5      | Noticed Menkaure
  3975 | D:5      | Killed Menkaure
  4148 | D:5      | Reached skill level 4 in Fighting
  4153 | D:5      | Noticed Eustachio
  4297 | D:5      | Killed Prince Ribbit
  4297 | D:5      | Reached skill level 5 in Spellcasting
  4297 | D:5      | Reached XP level 8. HP: 49/79 MP: 13/15
  4298 | D:5      | Killed Eustachio
  4331 | D:5      | Found a sand-covered staircase.
  4339 | Ossuary  | Entered an ossuary
  4349 | Ossuary  | Reached ** piety under Sif Muna
  4366 | Ossuary  | Reached skill level 5 in Fighting
  4776 | D:5      | Found a radiant altar of Vehumet.
  4923 | D:5      | Reached skill level 5 in Fire Magic
  5046 | D:5      | Got a slimy cloak
  5185 | D:5      | Found Raofasim's Antique Armour Shop.
  5283 | D:6      | Found a white marble altar of Elyvilon.
  5356 | D:6      | Found a staircase to the Ecumenical Temple.
  5395 | D:6      | Found a stormy altar of Qazlal.
  5476 | D:6      | Noticed Blork the orc
  5488 | D:6      | Killed Blork the orc
  5488 | D:6      | Reached skill level 6 in Fighting
  5494 | D:6      | Reached XP level 9. HP: 54/89 MP: 13/18
  5670 | D:6      | Reached skill level 5 in Dodging
  6211 | D:7      | Learned a level 2 spell: Blink
  6217 | D:7      | Learned a level 5 spell: Fireball
  6282 | D:7      | Reached *** piety under Sif Muna
  6296 | D:7      | Found a radiant altar of Vehumet.
  6369 | D:7      | Reached skill level 5 in Conjurations
  6540 | D:7      | Found a runed translucent door.
  6541 | D:7      | Noticed Crazy Yiuf
  6575 | D:7      | Killed Crazy Yiuf
  6587 | D:7      | Identified the cursed +0 cloak of Analysis {Str+4} (You
                  | found it on level 5 of the Dungeon)
  6639 | D:8      | Reached skill level 7 in Fighting
  6680 | D:8      | Noticed Gastronok
  6694 | D:8      | Killed Gastronok
  6694 | D:8      | Reached skill level 8 in Fighting
  6694 | D:8      | Reached XP level 10. HP: 62/104 MP: 15/21
  7293 | D:8      | Noticed Psyche
  7300 | D:8      | Killed Psyche
  7555 | D:8      | Found a runed translucent gate.
  7555 | D:8      | Found a runed translucent gate.
  7555 | D:8      | Found a runed translucent gate.
  7557 | D:8      | Noticed jt's ghost (novice GrMo)
  8304 | D:9      | Found a staircase to the Lair.
  8318 | D:10     | Entered Level 10 of the Dungeon
  8327 | D:10     | Found a flagged portal.
  8328 | D:10     | Got a shimmering mace
  8341 | Bailey   | Entered a bailey
  8698 | Bailey   | Reached **** piety under Sif Muna
  9040 | D:10     | Reached skill level 9 in Fighting
 10041 | D:8      | Reached XP level 11. HP: 18/115 MP: 23/23
 10385 | D:9      | Found an iron altar of Okawaru.
 10841 | D:9      | Identified the +5 mace "Perphafei" {elec, rN+ Int+2 Dex+2}
                  | (You found it on level 10 of the Dungeon)
 10916 | D:10     | Reached skill level 1 in Invocations
 10924 | D:10     | Reached skill level 1 in Maces & Flails
 11708 | Lair:1   | Entered Level 1 of the Lair of Beasts
 12221 | Lair:1   | Reached skill level 10 in Fighting
 12901 | Lair:2   | Identified 3 scrolls of acquirement
 13010 | Lair:2   | Found a frozen archway.
 13014 | IceCv    | Entered an ice cave
 13897 | IceCv    | Reached XP level 12. HP: 53/127 MP: 21/25
 14173 | IceCv    | Reached ***** piety under Sif Muna
 14218 | IceCv    | Received a gift from Sif Muna
 14994 | IceCv    | Noticed a death yak
 14994 | IceCv    | Noticed a frost giant
 15033 | IceCv    | Killed from afar by a frost giant

Levels and vault maps discovered:
D:1:      ncdulo_wetmaze, layout_basic
D:2:      layout_loops_ring, grunt_temple_overflow_open, old_standard_altar,
          lemuel_doored_altar, chequers_ecumenical_altar_simple,
          minmay_split_cup_small
D:3:      minmay_door_path, layout_rooms, nicolae_overflow_crystal_walls,
          gammafunk_ghost_necromancy, serial_forest,
          infiniplex_forest_clump_cross, infiniplex_forest_zigzag_1,
          infiniplex_forest_clump_diagonal, infiniplex_forest_lined_3,
          infiniplex_forest_clump_cross, minmay_puff, uniq_ijyb, uniq_terence
D:4:      layout_loops_corners, serial_shops, shop, gammafunk_ghost_cemetery,
          first_ration
D:5:      layout_cave_pools, yredelemnul_altar_generic,
          gup_ossuary_entry_pyramid, serial_shops, shop, minmay_ruined_shrine,
          uniq_eustachio, uniq_menkaure, uniq_prince_ribbit1
D:6:      layout_basic, grunt_qazlal_clouds, minmay_temple_entry_mini_moons,
          elyvilon_altar_5, uniq_blork_the_orc
D:7:      layout_rooms, fiery_altar_vehumet, uniq_crazy_yiuf_cottage
D:8:      layout_loops_ring, serial_bayou, serial_bayou_lagoon_a,
          serial_bayou_pond_d, serial_bayou_pond_b, serial_bayou_pond_d,
          serial_bayou_lake_a, serial_bayou_lagoon_b, gammafunk_ghost_spectres,
          uniq_psyche, uniq_gastronok
D:9:      layout_basic, minmay_lair_entry_grove, basic_altar
D:10:     nicolae_whirlpool, layout_rooms, enter_bailey_2
Lair:1:   layout_loops_ring, minivault_11
Lair:2:   layout_chaotic_city, portal_ice_cave_entry_pillars_2,
          grunt_megastairs_2
IceCv:    ice_cave_caverns_02

Skill      XL: |  1  2  3  4  5  6  7  8  9 10 11 12 |
---------------+-------------------------------------+-----
Conjurations   | 1 2 3 4 5 6 7 |  7.9
Dodging        | 2 3 4 6 7 8 |  8.1
Fire Magic     | 3 4 5 6 7 8 |  8.4
Spellcasting   | 3 4 5 6 7 8 9 |  9.7
Fighting       | 2 3 4 6 8 9 10 | 10.9
Invocations    | 3 4 |  4.6
Maces & Flails | 2 3 |  3.6
Stealth        | |  1.4

Action                   |  1- 3 |  4- 6 |  7- 9 | 10-12 || total
-------------------------+-------+-------+-------+-------++-------
Melee: Dagger            |    16 |     7 |       |       ||    23
       Unarmed           |     1 |       |       |       ||     1
       Flail             |       |     3 |   108 |    37 ||   148
       Mace              |       |       |       |    23 ||    23
 Cast: Flame Tongue      |    66 |    97 |   225 |   311 ||   699
       Throw Flame       |       |     1 |    12 |    52 ||    65
       Sticky Flame      |       |       |     6 |    31 ||    37
       Conjure Flame     |       |       |     4 |    14 ||    18
       Fireball          |       |       |       |    23 ||    23
       Inner Flame       |       |       |       |     3 ||     3
       Blink             |       |       |       |     4 ||     4
Invok: Channel Magic     |       |       |       |     1 ||     1
  Use: Scroll            |     2 |       |     7 |    16 ||    25
       Potion            |       |       |     2 |     8 ||    10
 Stab: Sleeping          |       |       |     1 |       ||     1
  Eat: Chunk             |     3 |     6 |    10 |    17 ||    36
       Ration            |       |       |       |     5 ||     5
Armor: Robe              |    12 |     9 |    86 |    47 ||   154
Dodge: Dodged            |    25 |    32 |   151 |   164 ||   372
